 Dungeon Crawl Stone Soup version 0.32-a0-30-gefbe487952 (webtiles) character file.

Game seed: 2314244066099025207

2524 Fodor the Cleaver (level 9, -8/70 (79) HPs)
             Began as a Minotaur Fighter on Jan 19, 2024.
             Was an Initiate of Gozag.
             Killed by divine providence
             ... invoked by Jeremiah
              (13 damage)
             ... on level 7 of the Dungeon on Jan 20, 2024.
             The game lasted 00:30:34 (5408 turns).

Fodor the Cleaver (Minotaur Fighter)                Turns: 5408, Time: 00:30:34

HP:   -8/70 (79)    AC: 10    Str: 25    XL:     9   Next: 29%
MP:   8/8           EV: 10    Int:  5    God:    Gozag
Gold: 629           SH:  5    Dex: 13    Spells: 8/8 levels left

rFire   . . .        y - -2 executioner's axe
rCold   . . .        (shield currently unavailable)
rNeg    + . .        b - +0 chain mail
rPois   .            (helmet currently unavailable)
rElec   .            j - melded +0 cloak
rCorr   .            (gloves currently unavailable)
SInv    .            h - melded +1 pair of boots
Will    .....        s - amulet of reflection Stlth
                     q - ring of positive energy
HPRegen 0.31/turn    t - +3 ring of strength
MPRegen 0.11/turn

%: reflection
@: beast-form, heavily drained
A: beast (slay +0), horns 2, retaliatory headbutt
a: Begin Untransformation, Renounce Religion, Potion Petition, Call Merchant,
Bribe Branch


You were on level 7 of the Dungeon.
You worshipped Gozag.
Gozag was pleased with you.
You were a hulking beast.
You visited 2 branches of the dungeon, and saw 8 of its levels.

You collected 796 gold pieces.
You spent 110 gold pieces at shops.
You paid 57 gold pieces to Gozag.

Inventory:

Hand Weapons
 a - a +0 war axe
 r - a +0 arbalest
 y - a -2 executioner's axe (weapon)
Armour
 b - a +0 chain mail (worn)
 h - a +1 pair of boots (melded)
 j - a +0 cloak (melded)
Jewellery
 n - a ring of protection from cold
 q - a ring of positive energy (left hand)
 s - an amulet of reflection (around neck)
 t - a +3 ring of strength (right hand)
 A - a +6 ring of intelligence
 B - an amulet of guardian spirit
Talismans
 C - a beast talisman (active)
Wands
 f - a wand of acid (7)
 g - a wand of paralysis (16)
 p - a wand of roots (4)
 w - a wand of polymorph (16)
Scrolls
 c - a scroll of identify
 i - a scroll of immolation
 z - a scroll of fog
Potions
 d - a potion of might
 e - 2 potions of cancellation {unknown}
 k - 4 potions of degeneration {unknown}
 l - a potion of curing {unknown}
 m - a potion of brilliance {unknown}
 o - a potion of heal wounds
 u - a potion of ambrosia {unknown}
 v - a potion of berserk rage {unknown}
 x - a potion of haste {unknown}


   Skills:
 + Level 7.1 Fighting
 + Level 10.8 Axes
 + Level 6.6 Armour
 + Level 3.0 Dodging
 + Level 0.7 Stealth
 + Level 6.4 Shields
 + Level 0.5 Unarmed Combat
 + Level 0.2 Shapeshifting


You had 8 spell levels left.
You didn't know any spells.
Your spell library contained the following spells:

 Spells                   Type           Power      Damage    Failure   Level
 Ensorcelled Hibernation  Hex/Ice        0%         N/A       98%         2
 Jinxbite                 Hex            0%         N/A       98%         2
 Fugue of the Fallen      Necr           0%         N/A       100%        3
 Anguish                  Hex/Necr       0%         N/A       100%        4
 Leda's Liquefaction      Alch/Erth      0%         N/A       100%        4
 Lee's Rapid Deconstruct  Erth           0%         3d4*      100%        5
 Yara's Violent Unravell  Hex/Alch       0%         3d3       100%        5
 Bombard                  Conj/Erth      0%         9d1       100%        6
 Enfeeble                 Hex            0%         N/A       100%        7


Dungeon Overview and Level Annotations

Branches:
Dungeon (7/15)             Temple (1/1) D:4

Altars:
Ashenzari
Cheibriados
Dithmenos
Fedhas
Gozag
Kikubaaqudgha
Makhleb
Nemelex Xobeh
Okawaru
Qazlal
Ru
Sif Muna
Uskayaw
Vehumet
Wu Jian
Xom
Yredelemnul
Zin
The Shining One

Shops:
D:2 =

Annotations:
D:7 Jeremiah


Innate Abilities, Weirdness & Mutations

You are a hulking beast.
Your limbs bulge with bestial killing power. (Slay +0)
You have a pair of horns on your head.
You reflexively headbutt those who attack you in melee.


Message History

* * * LOW HITPOINT WARNING * * *
You block the wyvern's attack.
Jeremiah hits you from afar with a +3 trident of draining.
* * * LOW HITPOINT WARNING * * *
You partially resist.
You feel drained.
* * * LOW HITPOINT WARNING * * *
The wyvern bites you.
* * * LOW HITPOINT WARNING * * *
You feel much better.
The butterfly disappears in a burst of colours! x2
The wyvern barely misses you.
Jeremiah hops!
You closely miss the wyvern. Your headbutt misses the wyvern.
The wyvern is moderately wounded.
You miss the butterfly. x2; You closely miss the butterfly.
The butterfly disappears in a burst of colours! x2
The wyvern barely misses you. The wyvern closely misses you.
Jeremiah trails rainbows from their fingertips.
You hit the wyvern but do no damage.
The wyvern is moderately wounded.
You completely miss the butterfly. You miss the butterfly.
The wyvern bites you. The wyvern bites you!
* * * LOW HITPOINT WARNING * * *
You closely miss the wyvern.
The wyvern is moderately wounded.
You miss the butterfly. You slash the butterfly!
You kill the butterfly!
The butterfly disappears in a burst of colours!
You slash the butterfly!
You kill the butterfly!
The butterfly disappears in a burst of colours!
You closely miss the butterfly.
The butterfly disappears in a burst of colours! x2
The wyvern bites you!
* * * LOW HITPOINT WARNING * * *
The wyvern bites you but does no damage.
Jeremiah shouts, "O dreadful one, destroy my foe!"
Something smites you!
You die...
Jeremiah asks, "Is it over?
Can I wake up now?"
Your body crumbles into a pile of gold.

.P≈≈≈.≈≈≈P### ....
...........# .....
≈≈≈.≈≈≈P#.# ##.....
≈≈.≈≈###.###..#... #
#≈.≈##.))##.......
#####.#P.P#...###..#....
.....b##.##.....#..#....
#.bbk................
#Fbbh.....##.#b......
#.bb.b........#.......
#.......#......##..<...
......b..#.b...#.#......
#....b.b##..##.b........
......b.#..###..........
##.......... ......$....
##...### #......###.
..##...#)#.


You could see Jeremiah and a wyvern.

Vanquished Creatures
  Sigmund (D:4)
  Eustachio (D:5)
  A water moccasin (D:6)
  Duvessa (D:5)
  A sky beast (D:6)
  2 centaurs
  3 ogres
  2 phantoms (D:6)
  A bullfrog (D:6)
  A gnoll sergeant (D:7)
  5 scorpions
  A wight (D:7)
  Dowan (D:5)
  A howler monkey (D:5)
  A bombardier beetle (D:5)
  3 hounds
  6 jellies
  4 iguanas
  2 orc wizards (D:6)
  2 sleepcaps
  Robin (D:3)
  4 gnolls (D:6)
  12 adders
  A white imp (D:7)
  2 dart slugs (D:1)
  3 ribbon worms
  12 orcs
  9 endoplasms
  2 giant cockroaches (D:2)
  16 goblins
  13 hobgoblins
  5 jackals
  A kobold (D:1)
  8 quokkas
  11 ball pythons
  16 bats
  4 frilled lizards
  8 rats
168 creatures vanquished.

Vanquished Creatures (others)
  An orc wizard (D:6)
1 creature vanquished.

Grand Total: 169 creatures vanquished

Notes
Turn   | Place    | Note
-------+----------+-------------------------------------------
     0 | D:1      | Fodor the Minotaur Fighter began the quest for the Orb.
     0 | D:1      | Reached XP level 1. HP: 19/19 MP: 0/0
   210 | D:1      | Reached XP level 2. HP: 27/27 MP: 1/1
   558 | D:1      | Reached skill level 3 in Axes
   565 | D:1      | Reached XP level 3. HP: 25/33 MP: 2/2
  1166 | D:2      | Reached XP level 4. HP: 39/40 MP: 3/3
  1242 | D:2      | Found a faded altar of an unknown god.
  1260 | D:2      | Prayed at the altar of an unknown god.
  1260 | D:2      | Became a worshipper of Ru the Awakened
  1265 | D:2      | Found Sowkof's One-of-a-Kind Rings.
  1343 | D:2      | Reached skill level 1 in Dodging
  1351 | D:2      | Reached skill level 4 in Axes
  1562 | D:2      | Bought a +3 ring of strength for 110 gold pieces
  2034 | D:3      | Reached XP level 5. HP: 41/47 MP: 4/4
  2166 | D:3      | Noticed Robin
  2175 | D:3      | Killed Robin
  2462 | D:4      | Found a staircase to the Ecumenical Temple.
  2462 | D:4      | Noticed an ogre
  2473 | D:4      | Killed an ogre
  2474 | D:4      | Reached skill level 5 in Axes
  2475 | D:4      | Reached XP level 6. HP: 35/53 MP: 5/5
  2508 | Temple   | Entered the Ecumenical Temple
  2538 | Temple   | Fell from the grace of Ru
  2538 | Temple   | Became a worshipper of Gozag Ym Sagoz the Greedy
  2623 | D:4      | Reached skill level 6 in Axes
  2668 | D:4      | Reached skill level 5 in Fighting
  2780 | D:4      | Reached skill level 5 in Shields
  2856 | D:4      | Reached XP level 7. HP: 48/61 MP: 6/6
  3021 | D:4      | Noticed Sigmund
  3033 | D:4      | Killed Sigmund
  3034 | D:4      | Reached skill level 7 in Axes
  3250 | D:4      | Reached skill level 5 in Armour
  3308 | D:5      | Entered Level 5 of the Dungeon
  3332 | D:5      | Noticed Dowan
  3337 | D:5      | Found a shadowy altar of Dithmenos.
  3337 | D:5      | Noticed Duvessa
  3342 | D:5      | Killed Dowan
  3352 | D:5      | Reached skill level 8 in Axes
  3352 | D:5      | Reached XP level 8. HP: 70/70 MP: 7/7
  3357 | D:5      | Killed Duvessa
  3709 | D:5      | Reached skill level 9 in Axes
  3765 | D:5      | Noticed Eustachio
  3869 | D:5      | Killed Eustachio
  4633 | D:6      | Reached skill level 10 in Axes
  4639 | D:6      | Reached XP level 9. HP: 54/78 MP: 8/8
  4900 | D:6      | Found a blossoming altar of Fedhas.
  5383 | D:7      | Noticed Jeremiah
  5408 | D:7      | Killed from afar by Jeremiah

Illustrated notes

Levels and vault maps discovered:
D:1:      nzn_arrival_water_spiral, layout_basic, minmay_bisected
D:2:      minmay_spotlight, layout_loops_ring,
          nicolae_ecumenical_snake_handling, nicolae_shop_unique_rings
D:3:      layout_loops_ring, hangedman_feature_mirror, grunt_decor_clamped,
          grunt_decor_arrowhead, uniq_robin
D:4:      old_forge, layout_rooms, minmay_temple_entry_arrows, uniq_sigmund
D:5:      layout_cave_pods, nicolae_dithmenos_the_darkroom, minivault_4,
          uniq_eustachio, uniq_duvessa
D:6:      layout_basic, mainiacjoe_overflow_24_doors
D:7:      layout_cave_pools, serial_shops, shop, chequers_jeans,
          dreamdust_princess_bridge, sword_in_stone, uniq_prince_ribbit1,
          uniq_jeremiah
Temple:   bh_familiar_temple

Skill      XL: |  1  2  3  4  5  6  7  8  9 |
---------------+----------------------------+-----
Armour         | 4 5 6 |  6.6
Axes           | 3 4 5 6 8 10 | 10.8
Shields        | 4 5 6 |  6.4
Fighting       | 4 5 6 7 |  7.1
Dodging        | 1 2 3 |  3.0
Stealth        | |  0.7
Unarmed Combat | |  0.5
Shapeshifting  | |  0.2

Action                     |  1- 3 |  4- 6 |  7- 9 || total
---------------------------+-------+-------+-------++-------
  Melee: War axe           |    94 |   121 |       ||   215
         Headbutt          |    10 |    17 |    36 ||    63
         Unarmed           |       |     8 |       ||     8
         Executioner's axe |       |       |   204 ||   204
   Fire: Arbalest          |       |       |     3 ||     3
  Evoke: Wand              |       |       |     1 ||     1
    Use: Scroll            |       |     2 |     6 ||     8
         Potion            |       |       |     4 ||     4
   Stab: Held in net/web   |       |     1 |       ||     1
         Distracted        |       |       |     1 ||     1
 Armour: Scale mail        |    77 |    20 |       ||    97
         Chain mail        |       |    58 |   231 ||   289
         Skin              |       |     2 |    22 ||    24
  Dodge: Dodged            |    52 |    49 |   150 ||   251
  Block: Buckler           |    31 |    68 |       ||    99
         Reflection        |       |     2 |     1 ||     3
         Other             |       |       |    67 ||    67
   Form: Beast             |       |       |     1 ||     1

Table legend: (Time is in decaauts)
 A = Elapsed time spent in this place.
 B = Non-inter-level travel time spent in this place.
 C = Inter-level travel time spent in this place.
 D = Time resting spent in this place.
 E = Time spent auto-exploring this place.
 F = Levels seen in this place.
 G = Mean time per level.
                   A        B        C        D        E       F      G
               +--------+--------+--------+--------+--------+-----+--------+
         Total |   5576 |   5392 |    184 |    340 |      0 |   8 |  697.0 |
       Dungeon |   5517 |   5333 |    184 |    340 |      0 |   7 |  788.1 |
        Temple |     58 |     58 |      0 |      0 |      0 |   1 |   58.0 |
               +--------+--------+--------+--------+--------+-----+--------+

Top non-repeatable levels by time:
     D:6: 1211 daAuts
     D:5: 864 daAuts
     D:2: 857 daAuts
     D:3: 851 daAuts
     D:4: 837 daAuts
     D:1: 792 daAuts
     D:7: 102 daAuts
  Temple: 58 daAuts
